 Dungeon Crawl Stone Soup version 0.32-a0-675-gdc239d62e1 (webtiles) character file.

Game seed: 2527985270869000464

25984 Spacefish98 the Severer (level 12, -3/168 HPs)
             Began as a Minotaur Fighter on Mar 5, 2024.
             Was a High Priest of Okawaru.
             Slain by a death yak (7 damage)
             ... on level 2 of the Lair of Beasts on Mar 11, 2024.
             The game lasted 00:32:38 (12576 turns).

Spacefish98 the Severer (Minotaur Fighter)         Turns: 12576, Time: 00:32:39

Health: -3/168     AC: 30    Str: 26    XL:     12   Next: 94%
Magic:  22/25      EV:  2    Int:  5    God:    Okawaru [*****.]
Gold:   679        SH:  6    Dex: 10    Spells: 11/11 levels left

rFire   . . .        a - +0 war axe
rCold   . . .        c - +0 buckler
rNeg    . . .        h - melded +0 plate armour
rPois   +            (helmet currently unavailable)
rElec   .            M - melded +0 cloak
rCorr   .            (gloves currently unavailable)
SInv    .            o - melded +2 pair of boots
Will    .....        (no amulet)
Stlth   +            p - ring of Cheibriados's Reproof {Fly MP+9}
HPRegen 0.48/turn    A - +4 ring of protection
MPRegen 0.19/turn

%: no passive effects
@: tree-form, finesse-ful
A: stationary, stasis, torment immunity, boosted hp, (horns 2), (retaliatory
headbutt)
a: Renounce Religion, Heroism, Finesse, Duel


You were on level 2 of the Lair of Beasts.
You worshipped Okawaru.
Okawaru was extremely pleased with you.
You were a tree.
You visited 3 branches of the dungeon, and saw 15 of its levels.

You collected 679 gold pieces.

Inventory:

Hand Weapons
 a - a +0 war axe (weapon)
Missiles
 I - a silver javelin (quivered)
Armour
 c - a +0 buckler (worn)
 h - a +0 plate armour (melded)
 o - a +2 pair of boots (melded)
 M - a +0 cloak (melded)
Jewellery
 p - the ring of Cheibriados's Reproof (left branch) {Fly MP+9}
   (You found it on level 4 of the Dungeon)

   [ring of magical power]

   MP+9:      It affects your magic capacity (+9).
   Fly:       It grants you flight.
 A - a +4 ring of protection (right branch)
 C - a ring of positive energy
 H - a ring of ice
 J - a +6 ring of intelligence
Wands
 x - a wand of charming (21)
 z - a wand of digging (6)
 B - a wand of acid (2)
 F - a wand of iceblast (6)
 L - a wand of flame (12)
Scrolls
 b - a scroll of vulnerability {unknown}
 d - a scroll of noise {unknown}
 g - 4 scrolls of teleportation {unknown}
 j - 3 scrolls of poison {unknown}
 k - 2 scrolls of revelation {unknown}
 r - 2 scrolls of enchant weapon {unknown}
 s - a scroll of fear {unknown}
 t - a scroll of brand weapon {unknown}
 v - 3 scrolls of immolation {unknown}
 y - a scroll of amnesia {unknown}
 D - a scroll of fog {unknown}
 K - a scroll of identify
Potions
 e - 3 potions of magic
 f - 2 potions of attraction
 i - a potion of lignification
 l - 2 potions of brilliance
 n - a potion of invisibility
 q - 4 potions of mutation
 u - 2 potions of heal wounds {unknown}
 w - a potion of haste {unknown}
 E - a potion of cancellation {unknown}
 G - 2 potions of degeneration


   Skills:
 + Level 11.8 Fighting
 * Level 15.7 Axes
 + Level 11.8 Armour
 + Level 11.6 Shields
 + Level 7.3 Invocations


You had 11 spell levels left.
You didn't know any spells.
Your spell library contained the following spells:

 Spells                   Type           Power      Damage    Failure   Level
 Shock                    Conj/Air       0%         1d3       52%         1
 Blink                    Tloc           0%         N/A       65%         2
 Lesser Beckoning         Tloc           0%         N/A       65%         2
 Momentum Strike          Conj/Tloc      0%         3d8       65%         2
 Static Discharge         Conj/Air       0%         3-3/arc   65%         2
 Sublimation of Blood     Necr           0%         N/A       65%         2
 Dazzling Flash           Conj/Hex       0%         N/A       87%         3
 Gell's Gravitas          Tloc           0%         N/A       87%         3
 Inner Flame              Hex/Fire       0%         N/A       87%         3
 Swiftness                Air            0%         N/A       87%         3
 Teleport Other           Tloc           0%         N/A       87%         3
 Volatile Blastmotes      Fire/Tloc      0%         2d10      87%         3
 Airstrike                Air            0%         2d(0-16)  99%         4
 Flame Wave               Conj/Fire      0%         2d4       99%         4
 Fulminant Prism          Conj/Alch      0%         3d5       99%         4
 Iskenderun's Mystic Bla  Conj/Tloc      0%         2d3       99%         4
 Sticky Flame             Fire/Alch      0%         2d4       99%         4
 Dispersal                Tloc           0%         N/A       100%        6
 Starburst                Conj/Fire      0%         6d3       100%        6
 Maxwell's Capacitive Co  Air            0%         ∞         100%        8
 Call Imp                 Summ           Unusable   N/A       N/A         2
 Summon Lightning Spire   Summ/Air       Unusable   N/A       N/A         4
 Summon Hydra             Summ           Unusable   N/A       N/A         7

Dungeon Overview and Level Annotations

Branches:
Dungeon (12/15)            Temple (1/1) D:7            Lair (2/5) D:10
    Orc (0/2) D:10
  Swamp: Lair:2-3    Shoals: Lair:2-3     Snake: Lair:2-3    Spider: Lair:2-3

Altars:
Ashenzari
Cheibriados
Dithmenos
Elyvilon
Fedhas
Gozag
Hepliaklqana
Kikubaaqudgha
Makhleb
Nemelex Xobeh
Okawaru
Qazlal
Ru
Sif Muna
Trog
Uskayaw
Vehumet
Wu Jian
Xom
Yredelemnul
Zin
The Shining One


Innate Abilities, Weirdness & Mutations

You are a tree.
Your roots penetrate the ground, keeping you stationary.
You cannot be teleported.
You are immune to unholy pain and torment.
Your maximum health is greatly increased.
Your equipment is partially melded.
((You have a pair of horns on your head.))
((You reflexively headbutt those who attack you in melee.))


Message History

The death yak is almost dead.
You hit the death yak. You barely miss the death yak.
The death yak is almost dead.
You completely miss the death yak.
You feel like a meek peon again.
You slash the death yak!
The death yak is almost dead.
You hit the death yak. You block the death yak's attack.
The death yak gores you!
* * * LOW HITPOINT WARNING * * *
You barely miss the death yak.
The death yak is almost dead.
You slash the death yak! You hit the death yak.
You kill the death yak!
Okawaru is honoured by your kill.
You completely miss the death yak. You slice the death yak!!
The death yak is severely wounded.
The death yak gores you but does no damage.
You hit the death yak but do no damage.
The death yak is severely wounded.
You slash the yak! You hit the death yak.
The death yak is almost dead.
You slash the yak! You completely miss the death yak.
The death yak is almost dead.
You slash the yak!
You kill the yak!
Okawaru accepts your kill.
The death yak gores you but does no damage.
You hit the death yak but do no damage.
The death yak is almost dead.
You hit the yak but do no damage. You hit the death yak but do no damage.
The death yak is almost dead.
You barely miss the yak. The death yak gores you!
You die...

# ### ######### ######
..##..##..##P..####.P##.
.......................
.......................
###.##†...#....#.#.#..
#...Y♣#††..........#..
#.....Y##.†.............
....... #...#...........
.......#................
..^....#................
#.#...##.............#..
# ###. #................
.. ..#####.#..... .. .#.
...... ..


You could see a death yak and a yak.

Vanquished Creatures
  Erica (D:9)
  2 two-headed ogres
  9 death yaks
  A skyshark (Lair:1)
  10 elephants (Lair:2)
  An orange demon (D:11)
  3 komodo dragons
  7 cane toads
  An unseen horror (D:12)
  2 rime drakes
  3 trolls
  Grinder (D:4)
  8 blink frogs
  2 wyverns
  19 yaks
  A shadow (D:11)
  A wraith (D:9)
  2 basilisks
  A steam dragon (D:9)
  4 vampire mosquitoes (D:8)
  Edmund (D:4)
  8 water moccasins
  2 ice beasts
  2 orc warriors
  A sky beast (D:7)
  A black bear (D:6)
  5 wolves (Lair:2)
  A centaur (D:8)
  A phantom (D:6)
  5 bullfrogs
  4 kobold brigands
  A gnoll sergeant (D:8)
  4 scorpions
  14 wights
  An oklob sapling (D:7)
  6 killer bees (D:8)
  A howler monkey (D:10)
  A bombardier beetle (D:5)
  3 hounds
  2 jellies
  7 orc priests
  A gnoll bouda (D:9)
  2 sleepcaps
  6 iguanas
  3 orc wizards
  Robin (D:2)
  8 gnolls
  16 adders
  2 white imps
  2 ufetubi (D:7)
  2 ribbon worms (D:3)
  5 dart slugs
  14 orcs
  5 endoplasms
  A giant cockroach (D:1)
  13 goblins
  10 hobgoblins
  25 kobolds
  3 quokkas
  14 ball pythons
  5 bats
  7 frilled lizards
  3 rats (D:1)
298 creatures vanquished.

Vanquished Creatures (others)
  2 orc wizards
2 creatures vanquished.

Grand Total: 300 creatures vanquished

Notes
Turn   | Place    | Note
-------+----------+-------------------------------------------
     0 | D:1      | Spacefish98 the Minotaur Fighter began the quest for the
                  | Orb.
     0 | D:1      | Reached XP level 1. HP: 19/19 MP: 0/0
     0 | D:1      | Upgraded the game from 0.32-a0-616-g9348d4545b to
                  | 0.32-a0-643-ga006e7742e
   215 | D:1      | Reached XP level 2. HP: 25/27 MP: 1/1
   215 | D:1      | Upgraded the game from 0.32-a0-643-ga006e7742e to
                  | 0.32-a0-656-g3542139ebd
   331 | D:1      | Upgraded the game from 0.32-a0-656-g3542139ebd to
                  | 0.32-a0-675-gdc239d62e1
   751 | D:2      | Reached skill level 3 in Axes
   865 | D:2      | Reached XP level 3. HP: 33/33 MP: 2/2
  1090 | D:2      | Noticed Robin
  1095 | D:2      | Killed Robin
  1324 | D:2      | Reached XP level 4. HP: 40/40 MP: 3/3
  1794 | D:3      | Reached skill level 4 in Axes
  1863 | D:3      | Reached XP level 5. HP: 40/47 MP: 4/4
  2358 | D:4      | Identified the ring of Cheibriados's Reproof {Fly MP+9}
  2499 | D:4      | Noticed Grinder
  2520 | D:4      | Killed Grinder
  2521 | D:4      | Reached skill level 5 in Fighting
  2521 | D:4      | Reached skill level 5 in Axes
  2521 | D:4      | Reached skill level 5 in Armour
  2521 | D:4      | Reached skill level 5 in Shields
  2521 | D:4      | Reached XP level 6. HP: 38/56 MP: 5/5
  2610 | D:4      | Noticed Edmund
  2626 | D:4      | Killed Edmund
  2627 | D:4      | Reached skill level 6 in Axes
  2627 | D:4      | Reached XP level 7. HP: 61/61 MP: 6/6
  2996 | D:5      | Entered Level 5 of the Dungeon
  3321 | D:5      | Reached skill level 7 in Axes
  3723 | D:6      | Reached XP level 8. HP: 70/70 MP: 7/7
  3814 | D:6      | Reached skill level 8 in Axes
  4150 | D:6      | Found a shadowy altar of Dithmenos.
  4336 | D:7      | Reached skill level 9 in Axes
  5030 | D:7      | Reached XP level 9. HP: 70/79 MP: 8/8
  5140 | D:7      | Found a staircase to the Ecumenical Temple.
  6008 | Temple   | Entered the Ecumenical Temple
  6100 | Temple   | Became a worshipper of Warmaster Okawaru
  6314 | D:8      | Reached skill level 10 in Axes
  6314 | D:8      | Reached skill level 1 in Invocations
  6565 | D:8      | Reached * piety under Okawaru
  7327 | D:9      | Noticed Erica
  7359 | D:9      | Killed Erica
  7359 | D:9      | Reached ** piety under Okawaru
  7360 | D:9      | Reached skill level 11 in Axes
  7360 | D:9      | Reached XP level 10. HP: 39/90 MP: 11/11
  8047 | D:9      | Noticed a two-headed ogre
  8055 | D:9      | Killed a two-headed ogre
  8534 | D:10     | Entered Level 10 of the Dungeon
  8542 | D:10     | Identified the +0 scale mail "Forget-Me-Not" {+Inv rN+
                  | Int+4}
  8644 | D:10     | Reached *** piety under Okawaru
  8914 | D:10     | Noticed a death yak
  8916 | D:10     | Found a staircase to the Lair.
  8931 | D:10     | Killed a death yak
  8932 | D:10     | Reached skill level 12 in Axes
  8937 | D:10     | Reached **** piety under Okawaru
  9203 | D:10     | Found a staircase to the Orcish Mines.
  9237 | D:10     | You are sucked into a shaft and drop 2 floors!
  9248 | D:12     | Reached XP level 11. HP: 92/97 MP: 13/13
  9480 | D:12     | Noticed a brown ugly thing
  9513 | D:11     | Reached ***** piety under Okawaru
  9573 | D:11     | Found an ancient bone altar of Kikubaaqudgha.
  9639 | D:10     | Noticed a two-headed ogre
  9647 | D:10     | Killed a two-headed ogre
  9983 | Lair:1   | Entered Level 1 of the Lair of Beasts
  9983 | Lair:1   | Noticed a death yak
  9986 | Lair:1   | Noticed a death yak
  9986 | Lair:1   | Noticed a death yak
 10001 | Lair:1   | Reached skill level 13 in Axes
 10006 | Lair:1   | Killed a death yak
 10006 | Lair:1   | Received a gift from Okawaru
 10007 | Lair:1   | Reached skill level 10 in Fighting
 10007 | Lair:1   | Reached skill level 10 in Armour
 10007 | Lair:1   | Reached skill level 5 in Invocations
 10012 | Lair:1   | Killed a death yak
 10013 | Lair:1   | Reached skill level 10 in Shields
 10022 | Lair:1   | Killed a death yak
 10361 | Lair:1   | Noticed a skyshark
 10380 | Lair:1   | Killed a skyshark
 10738 | Lair:1   | Received a gift from Okawaru
 10888 | Lair:1   | Reached skill level 14 in Axes
 11013 | Lair:1   | Reached XP level 12. HP: 102/108 MP: 15/15
 11424 | Lair:2   | Noticed a five-headed hydra
 12134 | Lair:2   | Received a gift from Okawaru
 12154 | Lair:2   | Reached skill level 15 in Axes
 12509 | Lair:2   | Noticed a death yak
 12510 | Lair:2   | Noticed a death yak
 12514 | Lair:2   | Noticed a death yak
 12517 | Lair:2   | Noticed a death yak
 12518 | Lair:2   | Noticed a death yak
 12521 | Lair:2   | Noticed a death yak
 12527 | Lair:2   | Killed a death yak
 12537 | Lair:2   | Killed a death yak
 12549 | Lair:2   | Killed a death yak
 12557 | Lair:2   | HP: 4/168 [death yak (10)]
 12563 | Lair:2   | Killed a death yak
 12563 | Lair:2   | Received a gift from Okawaru
 12568 | Lair:2   | HP: 3/168 [death yak (8)]
 12570 | Lair:2   | Killed a death yak
 12576 | Lair:2   | Slain by a death yak

Illustrated notes

Levels and vault maps discovered:
D:1:      dpeg_arrival_short_road, layout_loops_ring
D:2:      layout_loops_ring, uniq_robin
D:3:      layout_basic, minmay_snake_closets
D:4:      layout_rooms, hangedman_decor_clover_reticule, uniq_grinder,
          uniq_edmund
D:5:      layout_basic, abandoned_shop
D:6:      layout_cave_pools, grunt_dithmenos_smoke_and_mirrors
D:7:      layout_basic, minmay_temple_entry_oklob, enter_bailey_4
D:8:      layout_loops_ring
D:9:      layout_roguey, amcnicky_mini_corridor_feature, uniq_erica
D:10:     layout_roguey, dpeg_lair_monsters, orc_0_dummy,
          nicolae_houndstooth_variations
D:11:     layout_long_grid, serial_demonic, serial_demonic_c, serial_demonic_b,
          serial_demonic_f, serial_demonic_d, serial_demonic_e,
          serial_demonic_g, serial_demonic_a, serial_demonic_c,
          nicolae_kikubaaqudgha_miasma_corner
D:12:     layout_basic, uniq_erolcha
Temple:   mainiacjoe_temple_archimedes_tessellation
Lair:1:   layout_roguey, columned_hall_lemuel, infiniplex_staircase_pool_2
Lair:2:   layout_regular_city, gauntlet_entry_generic, grunt_megastairs_3

Skill      XL: |  1  2  3  4  5  6  7  8  9 10 11 12 |
---------------+-------------------------------------+-----
Fighting       | 4 5 6 7 8 9 10 11 | 11.8
Axes           | 3 4 5 6 7 9 11 12 14 15 | 15.7
Armour         | 4 5 6 7 8 9 10 11 | 11.8
Shields        | 4 5 6 7 8 9 10 11 | 11.6
Invocations    | 2 4 6 7 |  7.3

Action                     |  1- 3 |  4- 6 |  7- 9 | 10-12 || total
---------------------------+-------+-------+-------+-------++-------
  Melee: War axe           |    98 |   105 |   356 |   513 ||  1072
         Headbutt          |    12 |    18 |    57 |   117 ||   204
 Invoke: Heroism           |       |       |       |     5 ||     5
         Finesse           |       |       |       |     2 ||     2
  Evoke: Wand              |       |       |     3 |     3 ||     6
    Use: Scroll            |       |     3 |     3 |     2 ||     8
         Potion            |       |     2 |     5 |     5 ||    12
 Armour: Scale mail        |    33 |       |       |       ||    33
         Plate armour      |    35 |    89 |   287 |   485 ||   896
         Skin              |       |    12 |    65 |    13 ||    90
  Dodge: Dodged            |    33 |    34 |   100 |   146 ||   313
  Block: Buckler           |    14 |    13 |    97 |   142 ||   266

Table legend: (Time is in decaauts)
 A = Elapsed time spent in this place.
 B = Non-inter-level travel time spent in this place.
 C = Inter-level travel time spent in this place.
 D = Time resting spent in this place.
 E = Time spent auto-exploring this place.
 F = Levels seen in this place.
 G = Mean time per level.
                   A        B        C        D        E       F      G
               +--------+--------+--------+--------+--------+-----+--------+
         Total |  12573 |  12458 |    115 |    394 |   8822 |  15 |  838.2 |
       Dungeon |  10054 |   9939 |    115 |    128 |   7350 |  12 |  837.8 |
        Temple |    177 |    177 |      0 |      0 |     23 |   1 |  177.0 |
          Lair |   2341 |   2341 |      0 |    266 |   1449 |   2 | 1170.5 |
               +--------+--------+--------+--------+--------+-----+--------+

Top non-repeatable levels by time:
     D:7: 1732 daAuts
  Lair:1: 1332 daAuts
     D:9: 1275 daAuts
    D:10: 1194 daAuts
     D:8: 1072 daAuts
  Lair:2: 1009 daAuts
     D:2: 840 daAuts
     D:3: 793 daAuts
     D:1: 751 daAuts
     D:5: 723 daAuts
     D:4: 684 daAuts
     D:6: 598 daAuts
    D:12: 250 daAuts
  Temple: 177 daAuts
    D:11: 136 daAuts
